 Dungeon Crawl Stone Soup version 0.30.0-30-g96aa6591b8 (webtiles) character file.

Game seed: 11418313162555198865

25 ces the Sneak (level 2, -6/13 HPs)
             Began as a Spriggan Enchanter on June 27, 2023.
             Killed by nerve-wracking pain
             ... invoked by Jessica
              (10 damage)
             ... on level 2 of the Dungeon.
             The game lasted 00:01:13 (603 turns).

ces the Sneak (Spriggan Enchanter)                   Turns: 603, Time: 00:01:14

Health: -6/13      AC:  2    Str:  4    XL:     2   Next: 82%
Magic:  7/7        EV: 17    Int: 16    God:
Gold:   83         SH:  0    Dex: 15    Spells: 7/7 levels left

rFire   . . .        a - +1 dagger
rCold   . . .        (no shield)
rNeg    . . .        b - +0 robe
rPois   .            (helmet restricted)
rElec   .            (no cloak)
rCorr   .            (gloves unavailable)
SInv    +            (boots unavailable)
Will    .....        (no amulet)
Stlth   +++          (no ring)
HPRegen 0.22/turn    (no ring)
MPRegen 0.10/turn

%: no passive effects
@: very quick
A: very small, no large weapons, unfitting armour, see invisible, speed 3
a: no special abilities


You were on level 2 of the Dungeon.
You visited 1 branch of the dungeon, and saw 2 of its levels.

You collected 83 gold pieces.

Inventory:

Hand Weapons
 a - a +1 dagger (weapon)
Armour
 b - a +0 robe (worn)
Potions
 c - 2 potions of invisibility
 d - a potion of haste {unknown}


   Skills:
 + Level 0.1 Fighting
 * Level 1.8 Short Blades
 + Level 2.8 Dodging
 + Level 5.0 Stealth
 + Level 3.0 Spellcasting
 + Level 3.9 Hexes


You had 7 spell levels left.
You didn't know any spells.
Your spell library contained the following spells:

 Spells                   Type           Power      Damage    Failure   Level
 Confusing Touch          Hex            15%        N/A       11%         3
 Tukima's Dance           Hex            15%        N/A       11%         3
 Ensorcelled Hibernation  Hex/Ice        16%        N/A       13%         2
 Dazzling Flash           Conj/Hex       16%        N/A       26%         3


Dungeon Overview and Level Annotations

Branches:
Dungeon (2/15)

Altars:

Shops:
D:1 =

Annotations:
D:2 Jessica


Innate Abilities, Weirdness & Mutations

You are very small and have problems with some larger weapons.
You are too small for most types of armour.
You have supernaturally acute eyesight. (SInv)
You cover ground extremely quickly. (Speed+++)


Message History

Found a stone staircase leading up.
You now have 83 gold pieces (gained 11).
You see here a +0 mace.
Found an escape hatch in the ceiling.
A ball python comes into view.
A ball python is nearby!
A ball python is nearby!
The ball python hisses angrily.
Jessica the Apprentice Sorceress comes into view.
She is wielding a +0 dagger.
You see here 8 gold pieces.
The ball python barely misses you. The ball python misses you.
You closely miss the ball python. The ball python bites you.
The ball python grabs you. The ball python constricts you.
Jessica shouts!
You hit the ball python.
The ball python is moderately wounded.
The ball python misses you. The ball python constricts you.
You hit the ball python.
You kill the ball python!
Your Stealth skill increases to level 5!
You barely miss Jessica. Jessica barely misses you.
You barely miss Jessica. Jessica misses you.
You hit Jessica.
Jessica is moderately wounded.
Jessica hits you but does no damage.
You hit Jessica but do no damage.
Jessica is moderately wounded.
Jessica casts a spell at you. Pain shoots through your body!
Ouch! That really hurt!
* * * LOW HITPOINT WARNING * * *
You are too injured to fight recklessly!
You are too injured to fight recklessly!
You see here 8 gold pieces.
A kobold comes into view. It is wielding a +0 whip.
There is a stone staircase leading up here.
Jessica gestures at you while chanting. Pain shoots through your body!
Ouch! That really hurt!
You die...

####....#####.......
..........##.......
#..................
#..<......##.......
#....$# # #...)...
.######.@...#.#
#.......
K...........#.#
###.####
........$..#.#.####.#
######@....###...#.#
#....###.....<#
###.#...#.......#
........)........####
.###.#..#..........).
#.#..##......#####
#.#..##.#...##
...........##
.......#..#


You could see Jessica and a kobold (asleep).

Vanquished Creatures
  3 bats (D:1)
  3 endoplasms (D:1)
  2 giant cockroaches (D:1)
  2 goblins
  3 hobgoblins (D:1)
  A jackal (D:1)
  3 kobolds (D:1)
  2 ball pythons
  A frilled lizard (D:1)
20 creatures vanquished.

Notes
Turn   | Place    | Note
-------+----------+-------------------------------------------
     0 | D:1      | ces the Spriggan Enchanter began the quest for the Orb.
     0 | D:1      | Reached XP level 1. HP: 9/9 MP: 5/5
    65 | D:1      | Reached XP level 2. HP: 13/13 MP: 7/7
   337 | D:1      | Found Ruannufe's Jewellery Emporium.
   590 | D:2      | Noticed Jessica
   596 | D:2      | Reached skill level 5 in Stealth
   603 | D:2      | Killed from afar by Jessica

Illustrated notes

Levels and vault maps discovered:
D:1:      heliophobic_arrival_enchanted_forest, layout_rooms, serial_shops,
          shop, minmay_misc_feat_enclosed, minmay_surrounded
D:2:      layout_loops_ring, serial_glass, glass_columns_a, glass_columns_b,
          glass_columns_b, glass_columns_b, dk_noncrumbling_3, st_stairs_2,
          uniq_jessica

Skill      XL: |  1  2 |
---------------+-------+-----
Spellcasting   | 3 |  3.0
Stealth        | 5 |  5.0
Fighting       | |  0.1
Short Blades   | |  1.8
Dodging        | |  2.8
Hexes          | |  3.9

Action                     || total
---------------------------++-------
  Melee: Dagger            ||    73
   Stab: Sleeping          ||     2
         Distracted        ||     1
 Armour: Robe              ||    10
  Dodge: Dodged            ||    56
